AoeStats
← 白鹿城拉车车

Arena

507717549Analyzed
4v4 RM · 11d ago on Sep 19, 2026· 50m 54s· 8 players
Game mode
Random Map
Map size
Large (8 player)
Population
200
Speed
Normal
Resources
Standard
Victory
Conquest
Starting age
Dark Age
Ending age
Imperial Age
RankedLock teamsTeams togetherTeam positionsShared explorationLock speedFull tech treeHidden civsTurbo modeCheats
Victory
Defeat
🇯🇵 Georgians · Japan
1379
+16
🇮🇳 Turks · India
1360
+17
🇹🇼 Italians · Taiwan
1352
+17
🇨🇳 Teutons · China
1348
+17
🇹🇷 Dravidians · Türkiye
1429
-19
🇮🇹 Celts · Italy
1362
-16
🇦🇺 Britons · Australia
1355
-16
🇮🇳 Bengalis · India
1350
-16
fumisaiji
10:23 Feudal Age
14:10 Castle Age
12:06 Double-Bit Axe
13:08 Horse Collar
15:47 Bow Saw
16:31 Heavy Plow
22:12 Wheelbarrow
21:22 Town Watch
21:44 Gold Mining
21:45 Stone Mining
21:54 Stone Mining
24:14 Hand Cart
24:13 Loom
28:18 Imperial Age
26:08 Forging
26:04 Scale Barding Armor
27:45 Iron Casting
28:22 Chain Barding Armor
28:16 Bloodlines
28:06 Husbandry
28:39 Masonry
28:10 Treadmill Crane
29:18 Siege Engineers
30:16 Blast Furnace
29:06 Onager
31:08 Conscription
31:01 Siege Onager
31:31 Light Cavalry
32:07 Hussar
33:50 Scale Mail Armor
33:52 Fletching
36:01 Chemistry
36:00 Plate Barding Armor
35:21 Bodkin Arrow
36:16 Bodkin Arrow
36:21 Elite Monaspa
37:06 Svan Towers
37:18 Bracer
37:40 Ballistics
37:50 Architecture
37:00 Treadmill Crane
37:43 Aznauri Cavalry
38:13 Hoardings
39:17 Hoardings
40:38 Arrowslits
40:43 Guard Tower
42:52 Keep
42:27 Fortified Wall
43:37 Chain Mail Armor
44:24 Coinage
44:04 Guilds
44:09 Murder Holes
45:15 Padded Archer Armor
46:29 Squires
46:15 Arson
48:33 Crop Rotation
49:47 Leather Archer Armor
51:06 Stone Shaft Mining
49:57 Elite Skirmisher
腿短雞雞長
10:58 Feudal Age
12:02 Double-Bit Axe
12:11 Horse Collar
14:38 Castle Age
15:52 Bow Saw
17:20 Loom
18:00 Light Cavalry
21:14 Wheelbarrow
23:12 Gold Mining
23:42 Hand Cart
28:34 Imperial Age
25:50 Town Watch
26:00 Fletching
26:48 Heavy Plow
27:14 Forging
27:06 Devotion
27:33 Ballistics
27:13 Stone Mining
27:40 Crossbowman
29:12 Thumb Ring
29:07 Bodkin Arrow
30:18 Chemistry
29:51 Bloodlines
30:13 Fortified Wall
31:51 Two-Man Saw
31:18 Bracer
31:52 Padded Archer Armor
32:31 Arbalester
33:19 Husbandry
34:29 Leather Archer Armor
34:20 Scale Barding Armor
34:53 Guilds
36:16 Masonry
35:41 Elite Skirmisher
35:58 Hussar
38:48 Ring Archer Armor
39:27 Chain Barding Armor
42:22 Iron Casting
48:15 Town Patrol
48:47 Crop Rotation
50:10 Plate Barding Armor
51:33 Blast Furnace
_HerculePoirot_
11:00 Feudal Age
14:48 Castle Age
13:15 Double-Bit Axe
13:11 Horse Collar
16:20 Bow Saw
23:12 Wheelbarrow
22:43 Heavy Plow
26:23 Loom
29:26 Imperial Age
26:58 Fletching
27:38 Bodkin Arrow
28:05 Ballistics
28:35 Sipahi
28:20 Padded Archer Armor
28:24 Gold Mining
28:36 Treadmill Crane
29:08 Masonry
29:44 Leather Archer Armor
30:01 Murder Holes
30:43 Parthian Tactics
30:27 Thumb Ring
30:23 Bracer
31:12 Conscription
31:17 Artillery
31:33 Stone Mining
32:19 Gold Shaft Mining
32:48 Bombard Tower
33:00 Architecture
33:03 Heavy Cavalry Archer
38:35 Bloodlines
38:26 Husbandry
49:23 Scale Barding Armor
49:28 Forging
白鹿城拉车车
10:07 Feudal Age
13:44 Castle Age
12:00 Double-Bit Axe
12:24 Horse Collar
15:23 Bow Saw
16:47 Wheelbarrow
16:54 Heavy Plow
22:37 Heavy Plow
23:49 Loom
25:12 Gold Mining
25:12 Stone Mining
28:08 Imperial Age
25:56 Scale Mail Armor
26:06 Forging
26:44 Stone Shaft Mining
27:00 Squires
26:45 Arson
26:46 Gambesons
27:18 Chain Mail Armor
27:21 Hand Cart
26:51 Town Watch
27:40 Masonry
28:10 Iron Casting
28:14 Fletching
29:31 Plate Mail Armor
29:27 Conscription
29:29 Ironclad
30:58 Blast Furnace
30:09 Bodkin Arrow
31:42 Ballistics
31:08 Arrowslits
33:10 Hoardings
32:57 Crenellations
33:02 Siege Engineers
33:58 Chemistry
35:29 Hoardings
36:07 Two-Man Saw
35:44 Crop Rotation
39:28 Town Patrol
41:04 Guard Tower
41:24 Fortified Wall
41:43 Scale Barding Armor
42:51 Coinage
42:32 Guilds
43:41 Keep
43:29 Chain Barding Armor
44:25 Banking
45:42 Caravan
47:22 Pikeman
47:50 Halberdier
Mako
10:50 Feudal Age
14:45 Castle Age
12:52 Double-Bit Axe
16:07 Bow Saw
15:45 Town Watch
16:15 Horse Collar
22:20 Loom
23:16 Wheelbarrow
24:06 Stone Mining
28:24 Imperial Age
26:01 Scale Mail Armor
26:00 Gold Mining
27:23 Chain Mail Armor
27:53 Gold Shaft Mining
27:53 Stone Shaft Mining
28:02 Forging
27:36 Pikeman
29:41 Plate Mail Armor
30:21 Chemistry
28:43 Halberdier
30:12 Iron Casting
29:16 Capped Ram
30:12 Man-at-Arms
31:18 Conscription
30:54 Gambesons
30:59 Long Swordsman
32:05 Two-Handed Swordsman
33:51 Siege Ram
35:24 Murder Holes
35:59 Furor Celtica
38:48 Champion
41:13 Blast Furnace
40:20 Siege Engineers
40:54 Fletching
42:52 Bodkin Arrow
44:41 Fortified Wall
Railbuilder
10:00 Feudal Age
14:27 Castle Age
12:39 Double-Bit Axe
12:36 Horse Collar
13:08 Loom
14:04 Fletching
16:24 Bow Saw
22:16 Heavy Plow
23:42 Wheelbarrow
23:30 Town Watch
24:19 Bodkin Arrow
25:28 Gold Mining
27:13 Ballistics
29:27 Imperial Age
27:56 Gold Shaft Mining
27:43 Padded Archer Armor
28:42 Leather Archer Armor
28:24 Stone Mining
28:51 Hand Cart
29:56 Yeomen
30:45 Bracer
31:49 Chemistry
30:54 Siege Engineers
30:32 Treadmill Crane
31:44 Ring Archer Armor
32:18 Elite Longbowman
34:01 Warwolf
35:10 Masonry
37:46 Yeomen
39:17 Crossbowman
40:34 Arbalester
43:12 Elite Skirmisher
44:15 Elite Skirmisher
48:28 Capped Ram
EarlyQuitter
11:05 Feudal Age
12:11 Double-Bit Axe
14:56 Castle Age
13:04 Horse Collar
15:55 Bow Saw
15:45 Heavy Plow
21:36 Gold Mining
23:14 Wheelbarrow
27:26 Imperial Age
24:43 Loom
25:26 Fletching
25:37 Padded Archer Armor
26:00 Ballistics
26:31 Bodkin Arrow
26:51 Masonry
27:19 Hand Cart
26:49 Town Watch
27:47 Leather Archer Armor
27:54 Thumb Ring
28:05 Husbandry
29:04 Bracer
30:32 Chemistry
29:42 Elite Elephant Archer
30:06 Light Cavalry
31:59 Conscription
33:21 Medical Corps
34:59 Murder Holes
37:50 Ring Archer Armor
38:31 Man-at-Arms
38:57 Gambesons
39:12 Squires
45:30 Siege Elephant
47:50 Town Watch
48:20 Fortified Wall
50:21 Two-Man Saw
ayushdy2004
10:40 Feudal Age
12:29 Loom
14:55 Castle Age
13:06 Double-Bit Axe
13:12 Gold Mining
13:43 Loom
14:05 Gold Mining
19:42 Bow Saw
19:54 Horse Collar
26:20 Wheelbarrow
25:52 Heavy Plow
26:35 Gold Shaft Mining
26:58 Stone Mining
28:29 Hand Cart
28:51 Town Watch
32:02 Imperial Age
31:19 Ballistics
30:43 Treadmill Crane
31:14 Masonry
31:06 Scale Mail Armor
31:17 Forging
30:59 Pikeman
31:40 Squires
31:26 Arson
32:13 Chain Mail Armor
32:07 Halberdier
33:24 Iron Casting
33:59 Gambesons
35:42 Siege Elephant
37:28 Blast Furnace
36:33 Scale Barding Armor
39:14 Chain Barding Armor
38:38 Man-at-Arms
39:59 Coinage
40:18 Bloodlines
40:09 Husbandry
39:49 Long Swordsman
41:19 Banking
41:58 Plate Barding Armor
41:13 Fletching
41:28 Town Patrol
41:17 Light Cavalry
43:08 Two-Man Saw
42:40 Crop Rotation
43:09 Bodkin Arrow
44:15 Chemistry
43:46 Architecture
42:52 Two-Handed Swordsman
44:52 Elite Battle Elephant
46:08 Paiks
46:24 Mahayana
46:25 Conscription
48:21 Elite Battle Elephant
Connection lost

Rejoining the realm…

Still unreachable

The connection could not be restored.

Session expired

The server has moved on; the page needs a fresh start.